 Dungeon Crawl Stone Soup version 0.13.0-13-g27bfa31 (webtiles) character file.

3308 Malachi the Hoplite (level 9, -4/64 HPs)
             Began as a Vampire Fighter on Oct 19, 2013.
             Was an Initiate of Okawaru.
             Slain by a yak (12 damage)
             ... on Level 9 of the Dungeon.
             The game lasted 00:19:33 (13168 turns).

Malachi the Hoplite (Vampire Fighter)              Turns: 13168, Time: 00:19:34

HP  -4/64        AC  7     Str 15      XL: 9   Next: 49%
MP   9/9         EV  5     Int 10      God: Okawaru [......]
Gold 409         SH 33     Dex 16      Spells:  0 memorised,  8 levels left

Res.Fire  : . . .   See Invis. : +   a - +1 falchion
Res.Cold  : + + .   Warding    : .   b - +0 scale mail
Life Prot.: + + +   Conserve   : .   E - +2 large shield of Gravity {rC+ rN+ Acc+5}
Res.Poison: +       Res.Corr.  : .   (no helmet)
Res.Elec. : .       Clarity    : .   (no cloak)
Sust.Abil.: . .     Spirit.Shd : .   (no gloves)
Res.Mut.  : .       Stasis     : .   (no boots)
Res.Rott. : +       Flight     : .   (no amulet)
Saprovore : . . .                    (no ring)
                                     j - +0,+6 ring of slaying

@: regenerating slowly, somewhat resistant to hostile enchantments, extremely
unstealthy
A: bottle blood, fangs 3, see invisible, unbreathing
a: Bat Form, Bottle Blood, Renounce Religion


You were on level 9 of the Dungeon.
You worshipped Okawaru.
Okawaru was noncommittal.
You were thirsty.

You visited 2 branches of the dungeon, and saw 10 of its levels.

You collected 389 gold pieces.

Inventory:

Hand weapons
 a - a +1,+1 falchion (weapon)
 r - a +0,-1 long sword
 v - a +1 blowgun
Missiles
 w - 10 poisoned needles
Armour
 b - a +0 scale mail (worn)
 c - a +0 shield
 E - the +2 large shield of Gravity (worn) {rC+ rN+ Acc+5}
   (You found it on level 5 of the Dungeon)

   It affects your accuracy (+5).
   It protects you from cold.
   It protects you from negative energy.
Magical devices
 G - a wand of confusion (16)
 J - a wand of magic darts (10) {unknown}
Scrolls
 e - 2 scrolls of teleportation
 g - a scroll of enchant weapon I
 m - 4 scrolls of identify
 o - a scroll of noise
 u - 2 scrolls of enchant weapon II
 B - a scroll of remove curse
 F - a scroll of blinking
Jewellery
 j - a +0,+6 ring of slaying (left hand)
Potions
 d - 2 potions of poison {unknown}
 f - a potion of magic
 h - a potion of curing
 i - a potion of confusion {unknown}
 k - a potion of berserk rage {unknown}
 l - 2 potions of heal wounds {unknown}
 n - 2 potions of mutation {unknown}
 p - a potion of brilliance {unknown}
 q - a potion of porridge {unknown}
 t - a potion of paralysis {unknown}
 x - a potion of invisibility {unknown}
 A - 2 potions of blood
 D - 2 potions of flight {unknown}
Magical staves
 y - an uncursed staff of earth


   Skills:
 - Level 2.6 Fighting
 * Level 7.6 Long Blades
 + Level 4.2 Armour
 + Level 6.1 Dodging
 * Level 8.1 Shields
 + Level 0.2 Evocations


You had 8 spell levels left.
You didn't know any spells.

Dungeon Overview and Level Annotations

Branches:
Dungeon (9/27)             Temple (1/1) D:6             Orc (0/4) D:6
   Lair: D:8-13

Altars:
Ashenzari
Cheibriados
Elyvilon
Fedhas
Kikubaaqudgha
Makhleb
Nemelex Xobeh
Okawaru
Sif Muna
Trog
Vehumet
Xom
Yredelemnul
Zin
the Shining One

Shops:
D:4 }

Annotations:
D:4 Menkaure
D:8 Gastronok


Innate Abilities, Weirdness & Mutations

You heal slowly.
You can bottle blood from corpses.
You have razor-sharp teeth.*
You have supernaturally acute eyesight.
You can survive without breathing.*


Message History

The yak is lightly wounded.
You block the yak's attack.
You slash the yak!
The yak is moderately wounded.
You block the yak's attack.
You hit the yak. Your bite misses the yak.
The yak is moderately wounded.
You block the yak's attack.
You hit the yak but do no damage.
The yak is moderately wounded.
The yak gores you!
You hit the yak. Your bite misses the yak.
The yak is moderately wounded.
The yak gores you!
* * * LOW HITPOINT WARNING * * *
You block the yak's attack.
You slash the yak!
The yak is heavily wounded.
The yak gores you!
You die...

#... . #..#. .. #..#.## ..[.
#..#..# ....###..##.#
#......#.#.# ###.##.##..%)...#
#........##)#.###
#.####.#.##@#.#
####.#Y##Y#.#### #######
#....YY.YY.....# #......
.##..#Y##.#####.###.#####.####.
....Y..Y........# #.........##.
###.##.########.###.#####.#....
# #.......# #.####. #.##.##.#
#...... ##.## #. #.##.# #######


You could see 3 yaks.

Vanquished Creatures
  3 yaks (D:9)
  A hippogriff (D:8)
  2 ice beasts (D:5)
  A manticore (D:9)
  A sky beast (D:6)
  2 ogres
  A black bear (D:8)
  4 centaurs
  10 wights
  4 crimson imps
  4 hounds
  A jelly (D:5)
  A giant frog zombie (D:5)
  3 orc priests
  2 orc wizards
  2 worker ants
  An iguana (D:5)
  A water moccasin skeleton (D:6)
  Jessica (D:3)
  8 gnolls
  12 adders
  2 giant mites
  4 worms
  2 giant eyeballs
  2 oozes
  27 orcs
  A bat skeleton (D:8)
  A bat zombie (D:6)
  16 goblins
  18 hobgoblins
  16 bats
  5 giant cockroaches
  10 giant geckos
  3 giant newts
  16 kobolds
  A kobold zombie (D:5)
  A quokka (D:7)
  13 rats
203 creatures vanquished.

Notes
Turn   | Place    | Note
--------------------------------------------------------------
     0 | D:1      | Malachi, the Vampire Fighter, began the quest for the Orb.
     0 | D:1      | Reached XP level 1. HP: 18/18 MP: 1/1
   257 | D:1      | Reached skill level 3 in Shields
   283 | D:1      | Reached XP level 2. HP: 24/24 MP: 2/2
   835 | D:2      | Reached XP level 3. HP: 16/29 MP: 3/3
  1597 | D:2      | Reached skill level 1 in Dodging
  1919 | D:3      | Reached skill level 4 in Shields
  1919 | D:3      | Reached XP level 4. HP: 29/36 MP: 4/4
  2039 | D:3      | Noticed Jessica
  2062 | D:3      | Killed Jessica
  2403 | D:3      | Reached XP level 5. HP: 27/41 MP: 5/5
  3262 | D:4      | Noticed Menkaure
  4321 | D:4      | Reached XP level 6. HP: 47/47 MP: 6/6
  4350 | D:4      | Found Seuthon's Gadget Boutique.
  4388 | D:4      | Paralysed by a giant eyeball for 3 turns
  4396 | D:4      | Paralysed by a giant eyeball for 2 turns
  6427 | D:4      | Noticed an ogre
  6436 | D:5      | Entered Level 5 of the Dungeon
  6680 | D:5      | Reached skill level 5 in Shields
  6866 | D:5      | Reached XP level 7. HP: 19/53 MP: 7/7
  7542 | D:5      | Got a blackened large shield
  7556 | D:5      | Identified the +2 large shield of Gravity {rC+ rN+ Acc+5} (You found it on level 5 of the Dungeon)
  7732 | D:5      | Reached skill level 5 in Long Blades
  8503 | D:6      | Found a staircase to the Orcish Mines.
  8802 | D:6      | Reached skill level 6 in Shields
  8817 | D:6      | Reached XP level 8. HP: 47/59 MP: 8/8
  9569 | D:6      | Found a staircase to the Ecumenical Temple.
 10085 | D:4      | Killed an ogre
 10237 | D:6      | Reached skill level 5 in Dodging
 10390 | D:6      | Reached skill level 7 in Shields
 10671 | Temple   | Entered the Ecumenical Temple
 10839 | Temple   | Became a worshipper of Warmaster Okawaru
 11535 | D:8      | Reached XP level 9. HP: 22/64 MP: 9/9
 12008 | D:8      | Found an iron altar of Okawaru.
 12106 | D:8      | Noticed Gastronok
 13150 | D:9      | Reached skill level 8 in Shields
 13168 | D:9      | Slain by a yak

Action                   |  1- 3 |  4- 6 |  7- 9 || total
-------------------------+-------+-------+-------++-------
Melee: Falchion          |   148 |       |   376 ||   524
       Long sword        |       |   182 |     3 ||   185
 Abil: End Transformatio |       |     2 |     1 ||     3
       Bat Form          |       |     2 |     1 ||     3
       Bottle Blood      |       |       |     8 ||     8
Evoke: Wand              |       |       |     1 ||     1
  Use: Potion            |     1 |       |     6 ||     7
       Scroll            |       |     4 |    13 ||    17
 Stab: Confused          |       |       |     1 ||     1
